Workbook

Sheet Sheet1
A1: ID | B1: Heure de début | C1: Heure de fin | D1: Adresse de messagerie | E1: Colonne1 | F1: Nom | G1: Quel est le nom de votre structure ? | H1: Fédération d'affiliation : | I1: Vous êtes : | J1: Sur quel territoire intervenez-vous ? | K1: Votre nom, prénom et votre poste dans la structure : | L1: Votre numéro de téléphone : | M1: Votre adresse mail : | N1: Votre nom, prénom et votre poste dans la structure :2 | O1: Votre numéro de téléphone :2 | P1: Votre adresse mail :2 | Q1: Votre fédération propose-t-elle un programme de réutilisation du matériel sportif ? | R1: Votre comité est-il impliqué dans un programme de recyclage du matériel sportif ? | S1: Pour quelle(s) raison(s) ne recyclez-vous pas votre matériel ? | T1: Que faites-vous du matériel que vous n'utilisez plus ? | U1: Votre association met-elle en place des actions de recyclage du matériel sportif ? | V1: Décrivez ces actions en quelques mots ? | W1: Si une recyclerie du sport ouvrait, seriez-vous prêt à donner ou vendre votre matériel ? | X1: Votre fédération propose-t-elle un programme de réutilisation du matériel sportif ?2 | Y1: Votre association sportive est-elle impliquée dans un programme de recyclage du matériel sportif ? | Z1: Pour quelle(s) raison(s) ne recyclez-vous pas votre matériel ?2 | AA1: Que faites-vous alors du matériel que vous n'utilisez plus ? | AB1: Votre association met-elle en place des actions de recyclage du matériel sportif ?2 | AC1: Décrivez ces actions en quelques mots ?2 | AD1: Si une recyclerie du sport ouvrait, seriez-vous prêt à donner ou vendre votre matériel ? | AE1: En tant qu'association sportive, seriez-vous prêt à acheter ou recevoir gratuitement du matériel d'occasion pour vos pratiques ? | AF1: Quels seraient les raisons de ne pas utiliser du matériel d'occasion pour vos pratiques ? | AG1: Admettons que vous soyez intéressé, quels types de matériel souhaiteriez-vous retrouver dans une recyclerie du sport ? | AH1: Quels services complémentaires attendriez-vous d'une recyclerie du sport ? | AI1: En tant que comité départemental, seriez-vous prêt à acheter ou recevoir gratuitement du matériel d'occasion pour vos pratiques ? | AJ1: Quels seraient les raisons de ne pas utiliser du matériel d'occasion pour vos pratiques ?2 | AK1: Admettons que vous soyez intéressé, quels types de matériel souhaiteriez-vous retrouver dans une recyclerie du sport ?2 | AL1: Quels services complémentaires attendriez-vous d'une recyclerie du sport ? | AM1: Connaissez-vous la plateforme Responsabilité Sociétale des Organisations du CNOSF ? (Plus d'informations : https://rso.franceolympique.com/ ) | AN1: Connaissez-vous le label "Développement durable, le sport s'engage" du CNOSF ? (Plus d'informations : https://label-dd.franceolympique.com/ ) | AO1: Seriez-vous intéressé pour participer à une réunion de présentation de ces outils ? | AP1: Souhaitez-vous vous impliquer dans la réflexion du projet de la recyclerie du sport ? | AQ1: Si le projet voit le jour, souhaiteriez-vous travailler avec la recyclerie du sport ? | AR1: Souhaitez-vous nous faire part de vos envies ? Avez-vous des remarques ? Des questions ? Exprimez-vous.
A2: 40 | B2: 44601.466 | C2: 44601.468 | D2: anonymous | E2: 1 | F2: Basket | G2: Comite de Moselle de basket Ball | H2: FFBB | I2: Un comité départemental | N2: - | O2: - | P2: - | Q2: Non | R2: Non | S2: Inexistence d'organisme de recyclage ; | T2: Déchèterie ; | W2: Oui, donner et vendre | AI2: Oui, acheter | AK2: Récompenses (médailles, coupes...);Petit matériel (balles, raquettes, volants, ...) ; | AL2: Atelier de revalorisation;Atelier de transformation ; | AM2: Non | AN2: Oui | AO2: Oui | AP2: Non | AQ2: Oui
A3: 52 | B3: 44601.829 | C3: 44601.833 | D3: anonymous | E3: 1 | F3: EPGV | G3: CODEP EPGV 57 | H3: FFEPGV | I3: Un comité départemental | N3: - | O3: - | P3: - | Q3: Non | R3: Non | S3: Inexistence d'organisme de recyclage ; | T3: Déchèterie ; | W3: Oui, donner | AI3: Oui, recevoir gratuitement | AJ3: matériel ne permettant pas une pratique en toute sécurité. | AK3: Petit matériel (balles, raquettes, volants, ...) ;Gros matériel (table de tennis de table, trampoline, ...) ; | AL3: Atelier de revalorisation; | AM3: Non | AN3: Oui | AO3: Non | AP3: Non | AQ3: Non
A4: 70 | B4: 44603.442 | C4: 44603.443 | D4: anonymous | E4: 1 | F4: Parachutisme | G4: C.D PARACHUTISME Moselle | H4: F.F.Parachutisme | I4: Un comité départemental | N4: - | O4: - | P4: - | Q4: Non | R4: Non | S4: Inexistence d'organisme de recyclage ; | T4: Déchèterie ; | W4: Oui, donner | AI4: Oui, recevoir gratuitement | AJ4: usé | AK4: Gros matériel (table de tennis de table, trampoline, ...) ; | AL4: Atelier de co-réparation;Atelier de revalorisation; | AM4: Non | AN4: Oui | AO4: Non | AP4: Non | AQ4: Oui
A5: 5 | B5: 44587.834 | C5: 44587.844 | D5: anonymous | E5: 1 | F5: VB | G5: comité départemental de volley ball de Moselle | H5: fédération française de volley ball | I5: Un comité départemental | N5: - | O5: - | P5: - | Q5: Non | R5: Non | S5: Peu de matériel.; | T5: Déchèterie ; | W5: Oui, donner et vendre | AI5: Oui, acheter | AK5: Petit matériel (balles, raquettes, volants, ...) ;Vêtements/textiles (chasubles, brassard, ...);Récompenses (médailles, coupes...); | AL5: Atelier de co-réparation;Atelier de revalorisation;Formation aux écogestes ;Formation au développement durable ;Atelier de sensibilisation sur le zéro-déchets; | AM5: Non | AN5: Oui | AO5: Oui | AP5: Oui | AQ5: Oui | AR5: Les principaux matériels avec des changements réguliers sont les ballons et là nous sommes liés à l'homologation. Souvent avant d'être trop usé, c'est un soucis de valve aussi s'il pouvait exister un atelier de réparation cela pourrait peut être aider. Pour le reste, il s'agit surtout des vêtements qui sont le plus souvent finalement laissés aux membres quant ils ne leur appartiennent pas déjà.
A6: 66 | B6: 44602.747 | C6: 44602.749 | D6: anonymous | E6: 1 | F6: Badminton | G6: Comité moselle badminton | H6: Ffbad | I6: Un comité départemental | N6: - | O6: - | P6: - | Q6: Non | R6: Non | S6: Raison de sécurité (matériel devant répondre à des normes); | T6: Déchèterie ; | W6: Oui, donner et vendre | AI6: Non | AJ6: Car normalisation des équipements | AK6: Petit matériel (balles, raquettes, volants, ...) ; | AL6: Atelier de transformation ; | AM6: Non | AN6: Oui | AO6: Non | AP6: Non | AQ6: Non
A7: 2 | B7: 44587.721 | C7: 44587.724 | D7: anonymous | E7: 1 | F7: Natation | G7: Cd 57 natation | H7: FF natation | I7: Un comité départemental | N7: - | O7: - | P7: - | Q7: Non | R7: Non | S7: Rien à recycler; | T7: Déchèterie ; | W7: Non | AI7: Non | AJ7: Aucune utilité | AK7: Ras; | AL7: Formation au développement durable ;Formation aux écogestes ; | AM7: Non | AN7: Oui | AO7: Non | AP7: Non | AQ7: Non
A8: 8 | B8: 44587.875 | C8: 44587.884 | D8: anonymous | E8: 1 | F8: Escrime | G8: Comité Départemental d'Escrime de la Moselle (C.D.57 Escrime) | H8: Fédération Française d'Escrime (F.F.E.) | I8: Un comité départemental | N8: - | O8: - | P8: - | Q8: Non | R8: Non | S8: Raison de sécurité (matériel devant répondre à des normes);Notre comité ne propose actuellement pas de matériel ou équipement à recycler. Ma politique à venir serait de pouvoir doter le Comité d'un fonds de matériel pouvant être mis à disposition des clubs mosellans, voire du CID ou du CREGE dans le cadre d'organisations (Coupe de Moselle, Circuits régionaux ou nationaux qui pourraient être pris en charge au niveau mosellan, etc.). Ces investissements sont lourds financièrement parlant. ; | T8: Le cas ne s'est pas présenté à ce jour. Voir ci-dessus.; | W8: Oui, donner et vendre | AI8: Oui, recevoir gratuitement | AJ8: Sécurité : normes en vigueur en terme de tenues et masques (FFE / FIE) Fiabilité technique : en ce qui concerne les appareillages électroniques, enrouleurs au sol et pistes | AK8: Appareils électroniques escrime, enrouleurs au sol.; | AL8: Atelier de co-réparation; | AM8: Non | AN8: Non | AO8: Oui | AP8: Oui | AQ8: Oui | AR8: Prise en compte des spécificités de la discipline escrime (technicité, électronique, électricité, etc.) et de ses impératifs sécuritaires. Par ailleurs l'escrime au niveau départemental représente moins d'une dizaine de clubs et au niveau CID moins d'une trentaine.
A9: 4 | B9: 44587.729 | C9: 44587.732 | D9: anonymous | E9: 1 | F9: Rugby | G9: Comité Déaprtemental de Rugby Moselle | H9: FFR | I9: Un comité départemental | N9: - | O9: - | P9: - | Q9: Non | R9: Non | S9: Inexistence d'organisme de recyclage ; | T9: Stocké au local du comité; | W9: Oui, donner | AI9: Oui, acheter | AK9: Récompenses (médailles, coupes...);Petit matériel (balles, raquettes, volants, ...) ; | AL9: Formation au développement durable ;Formation aux écogestes ; | AM9: Non | AN9: Non | AO9: Oui | AP9: Non | AQ9: Oui
A10: 92 | B10: 44613.413 | C10: 44613.415 | D10: anonymous | E10: 1 | F10: UGSEL | G10: UGSEL 57 | H10: UGSEL | I10: Un comité départemental | N10: - | O10: - | P10: - | Q10: Non | R10: Non | S10: nous n'avons pas de matériel sportif ou très peu; | T10: Stocké au local du comité; | W10: Oui, donner | AI10: Oui, acheter | AK10: Récompenses (médailles, coupes...);Gros matériel (table de tennis de table, trampoline, ...) ;Petit matériel (balles, raquettes, volants, ...) ; | AL10: Atelier de co-réparation;Atelier de sensibilisation sur le zéro-déchets;Vente de pièces détachés (visses, chaines, cordes ...); | AM10: Non | AN10: Non | AO10: Non | AP10: Non | AQ10: Non
A11: 94 | B11: 44613.515 | C11: 44613.517 | D11: anonymous | E11: 1 | F11: Athlétisme | G11: Comité Départemental d'Athlétisme 57 | H11: FFA | I11: Un comité départemental | N11: - | O11: - | P11: - | Q11: Non | R11: Non | S11: Raison de sécurité (matériel devant répondre à des normes); | T11: Stocké au local du comité; | W11: Oui, donner et vendre | AI11: Oui, acheter | AK11: Petit matériel (balles, raquettes, volants, ...) ;Gros matériel (table de tennis de table, trampoline, ...) ; | AL11: Atelier de revalorisation; | AM11: Oui | AN11: Oui | AO11: Oui | AP11: Oui | AQ11: Oui
A12: 14 | B12: 44589.639 | C12: 44589.642 | D12: anonymous | E12: 1 | F12: Triathlon | G12: CD57 Triathlon | H12: FF Triathlon | I12: Un comité départemental | N12: - | O12: - | P12: - | Q12: Non | R12: Non | S12: pas pensé... peu de matériel en propre...; | T12: stocké chez le président; | W12: Oui, donner et vendre | AI12: Oui, acheter | AK12: Vêtements/textiles (chasubles, brassard, ...);Récompenses (médailles, coupes...);Petit matériel (balles, raquettes, volants, ...) ; | AL12: Atelier de co-réparation;Atelier de revalorisation;Vente de pièces détachés (visses, chaines, cordes ...);Atelier de sensibilisation sur le zéro-déchets; | AM12: Oui | AN12: Non | AO12: Oui | AP12: Oui | AQ12: Oui | AR12: il y a un problème avec la question 12, on ne peut faire qu'un choix parmi les 3 et pas choisir OK pour acheter ou recevoir gratuitement, et problème aussi dans la suite proposée automatiquement si on choisit la case du milieu!
A13: 95 | B13: 44613.724 | C13: 44613.726 | D13: anonymous | E13: 1 | F13: Ski | G13: comité de Moselle de ski | H13: FFS | I13: Un comité départemental | N13: - | O13: - | P13: - | Q13: Oui | R13: Non | S13: pas de matériel au comité; | T13: pas de matériel propre; | W13: Oui, donner et vendre | AI13: Oui, recevoir gratuitement | AJ13: aucune | AK13: ski alpin et fond; | AL13: Atelier de co-réparation;Atelier de revalorisation; | AM13: Non | AN13: Non | AO13: Non | AP13: Non | AQ13: Oui | AR13: RAS
A14: 11 | B14: 44588.861 | C14: 44588.863 | D14: anonymous | E14: 1 | F14: Gymnastique | G14: Cd57gym | H14: Federation francaise de gymnastique | I14: Un comité départemental | N14: - | O14: - | P14: - | Q14: Oui | R14: Non | S14: En projet; | T14: Stocké au local du comité;Déchèterie ; | W14: Oui, donner et vendre | AI14: Oui, acheter | AK14: Gros matériel (table de tennis de table, trampoline, ...) ;Récompenses (médailles, coupes...); | AL14: Atelier de co-réparation;Atelier de sensibilisation sur le zéro-déchets;Formation aux écogestes ;Vente de pièces détachés (visses, chaines, cordes ...);Formation au développement durable ; | AM14: Oui | AN14: Oui | AO14: Oui | AP14: Oui | AQ14: Oui | AR14: Tres bonne idee
A15: 22 | B15: 44594.37 | C15: 44594.374 | D15: anonymous | E15: 1 | F15: Voile | G15: cdv57 | H15: ffv | I15: Un comité départemental | N15: - | O15: - | P15: - | Q15: Oui | R15: Oui | U15: En lien avec le programme de la fédération | V15: recyclage avec la collaboration de déchetteries | W15: Oui, donner et vendre | AI15: Oui, recevoir gratuitement | AJ15: selon l'etat du matériel | AK15: voiliers et matériel de navigation; | AL15: Atelier de revalorisation; | AM15: Non | AN15: Oui | AO15: Oui | AP15: Oui | AQ15: Oui
A16: 63 | B16: 44602.662 | C16: 44602.669 | D16: anonymous | E16: 1 | F16: EPGV | G16: GYM BITCHE | H16: FFEPGV | I16: Un club | J16: Sarreguemines - Bitche | K16: - | L16: - | M16: - | X16: Non | Y16: Non | Z16: Nous utilisons nos matériels, il n'y a rien à jeter; | AA16: Stockage dans les locaux du club; | AD16: Oui, vendre | AE16: Non | AF16: Par respect pour nos membres. Ils payent assez cher leur cotisation pour ne pas avoir à utiliser du matériel d'occas | AG16: AUCUN; | AH16: ./.; | AM16: Oui | AN16: Non | AO16: Non | AP16: Non | AQ16: Non | AR16: NON
A17: 88 | B17: 44609.716 | C17: 44609.722 | D17: anonymous | E17: 1 | F17: Sport de quilles | G17: Club de quilles la relève de Cappel | H17: FFBSQ | I17: Un club | J17: Forbach - Saint Avold | K17: - | L17: - | M17: - | X17: Non | Y17: Non | Z17: Rien à recycler; | AA17: Stockage dans les locaux du club; | AD17: Oui, donner et vendre | AE17: Non | AF17: On ne peut que utiliser du matériel neuf | AG17: rien; | AH17: rien; | AM17: Non | AN17: Non | AO17: Non | AP17: Non | AQ17: Non | AR17: Non
A18: 99 | B18: 44613.763 | C18: 44613.779 | D18: anonymous | E18: 1 | F18: Basket | G18: Rombas Olympic Club | H18: FFBB | I18: Un club | J18: Metz - Orne | K18: - | L18: - | M18: - | X18: Non | Y18: Non | Z18: Inexistence d'organisme de recyclage ; | AA18: Donné aux jeunes ou parfois écoles; | AD18: Oui, donner | AE18: Non | AF18: Le gros matériel et infrastructures sont propres au cosec municipal et pour le reste comme ballons ou matériel pédagogique,..préférence sanitaire à de la qualité et au neuf dont on prendra soin au maximum | AG18: Vêtements / Textiles (chasubles, brassard, ...); | AH18: Atelier de sensibilisation sur le zéro-déchets; | AM18: Non | AN18: Non | AO18: Non | AP18: Non | AQ18: Oui | AR18: Pour le moment, pas d'opposition ou d'hostilité, mais peu de choses transformables envisageables (pas de matériel "lourd "comme d'autres sports peu-être,) et déjà énormément de choses à gérer sportivement, financièrement, administrativement , sanitairement...
A19: 85 | B19: 44607.813 | C19: 44607.824 | D19: anonymous | E19: 1 | F19: EPGV | G19: Gymnastique volontaire de Bitche | H19: FFEPGV | I19: Un club | J19: Sarreguemines - Bitche | K19: - | L19: - | M19: - | X19: Non | Y19: Non | Z19: Inexistence d'organisme de recyclage ; | AA19: Stockage dans les locaux du club; | AD19: Oui, donner | AE19: Non | AF19: principalement pour des raisons d'hygiène | AG19: Petit matériel (balles, raquettes, volants, ...); | AH19: Atelier de transformation ; | AM19: Non | AN19: Oui | AO19: Non | AP19: Non | AQ19: Oui | AR19: Notre club étant situé en zone rurale, il est important de pouvoir disposer d'un lieu de recyclerie du sport à une distance raisonnable.
A20: 9 | B20: 44587.929 | C20: 44587.939 | D20: anonymous | E20: 1 | F20: VB | G20: CLUB OMNISPORTS SARRALBE section VOLLEY - BALL | H20: FEDERATION FRANCAISE DE VOLLEY - BALL | I20: Un club | J20: Sarreguemines - Bitche | K20: - | L20: - | M20: - | X20: Non | Y20: Non | Z20: pas de matériel à recycler; | AA20: Déchèterie ; | AD20: Oui, donner | AE20: Non | AF20: Les filets et poteaux de volley doivent être en état correct . Si un filet est abimé on le jette . | AG20: Gros matériel (table de tennis de table, trampoline, ...); | AH20: Atelier de revalorisation;Vente de pièces détachés (visses, chaines, cordes ...); | AM20: Non | AN20: Non | AO20: Oui | AP20: Non | AQ20: Oui
A21: 81 | B21: 44605.783 | C21: 44605.788 | D21: anonymous | E21: 1 | F21: EPGV | G21: STGV | H21: EPGV | I21: Un club | J21: Thionville | K21: - | L21: - | M21: - | X21: Non | Y21: Non | Z21: Pas de matériel mis à disposition de nos adhérents; | AA21: Déchèterie ; | AD21: Oui, donner | AE21: Non | AF21: Pas d'endroit ou stocker le matériel, nous utilisons des salles municipales | AG21: Petit matériel (balles, raquettes, volants, ...); | AH21: Formation au développement durable ; | AM21: Non | AN21: Non | AO21: Non | AP21: Non | AQ21: Non
A22: 100 | B22: 44613.857 | C22: 44613.861 | D22: anonymous | E22: 1 | F22: Athlétisme | G22: Association Sportive Guenange Athlétisme | H22: FFA | I22: Un club | J22: Thionville | K22: - | L22: - | M22: - | X22: Non | Y22: Non | Z22: Très peu de matériel à recycler; | AA22: Déchèterie ; | AD22: Oui, donner | AE22: Non | AF22: Doute sur la qualité | AG22: Petit matériel (balles, raquettes, volants, ...); | AH22: Atelier de revalorisation;Atelier de sensibilisation sur le zéro-déchets; | AM22: Non | AN22: Non | AO22: Non | AP22: Non | AQ22: Non
A23: 23 | B23: 44601.338 | C23: 44601.345 | D23: anonymous | E23: 1 | F23: Aeromodélisme | G23: Aéromodélisme club ICARE | H23: Fédération française d'aéromodélisme | I23: Un club | J23: Sarrebourg - Château-Salins | K23: - | L23: - | M23: - | X23: Non | Y23: Oui | AB23: Des actions en interne à l'association | AC23: Réutilisation systématique de la chaine cinématique de nos aéronefs plus utilisés ou vente de ceux-ci sur le marché de l'occasion | AD23: Oui, vendre | AE23: Oui, acheter | AG23: moteur thermique ou électrique, servo, radiocommande, électronique embarquée; | AH23: Atelier de co-réparation;Vente de pièces détachés (visses, chaines, cordes ...); | AM23: Non | AN23: Non | AO23: Non | AP23: Non | AQ23: Non | AR23: L'aéromodélisme n'est pas vraiment adapté à l'entrée dans le projet d'une recyclerie du sport.
A24: 27 | B24: 44601.384 | C24: 44601.387 | D24: anonymous | E24: 1 | F24: Football | G24: FC HOCHWALD | H24: LGEF | I24: Un club | J24: Forbach - Saint Avold | K24: - | L24: - | M24: - | X24: Non | Y24: Non | Z24: Inexistence d'organisme de recyclage ; | AA24: Déchèterie ; | AD24: Oui, donner et vendre | AE24: Oui, acheter | AG24: Récompenses (médailles, coupes...); | AH24: Formation aux écogestes ; | AM24: Non | AN24: Non | AO24: Oui | AP24: Non | AQ24: Non
A25: 43 | B25: 44601.546 | C25: 44601.548 | D25: anonymous | E25: 1 | F25: Football | G25: Us woustviller | H25: Fédération française de football | I25: Un club | J25: Sarreguemines - Bitche | K25: - | L25: - | M25: - | X25: Non | Y25: Non | Z25: Inexistence d'organisme de recyclage ; | AA25: Déchèterie ; | AD25: Oui, donner et vendre | AE25: Oui, acheter | AG25: Gros matériel (table de tennis de table, trampoline, ...);Petit matériel (balles, raquettes, volants, ...); | AH25: Atelier de co-réparation;Atelier de sensibilisation sur le zéro-déchets;Atelier de revalorisation;Vente de pièces détachés (visses, chaines, cordes ...);Formation au développement durable ; | AM25: Non | AN25: Non | AO25: Oui | AP25: Oui | AQ25: Oui
A26: 47 | B26: 44601.659 | C26: 44601.661 | D26: anonymous | E26: 1 | F26: Football | G26: Union sportive Waldweistroff | H26: Fff | I26: Un club | J26: Thionville | K26: - | L26: - | M26: - | X26: Non | Y26: Non | Z26: Inexistence d'organisme de recyclage ; | AA26: Déchèterie ; | AD26: Oui, donner et vendre | AE26: Oui, acheter | AG26: Petit matériel (balles, raquettes, volants, ...);Vêtements / Textiles (chasubles, brassard, ...);Récompenses (médailles, coupes...); | AH26: Atelier de co-réparation;Atelier de sensibilisation sur le zéro-déchets;Atelier de revalorisation;Vente de pièces détachés (visses, chaines, cordes ...);Atelier de transformation ;Formation aux écogestes ;Formation au développement durable ; | AM26: Non | AN26: Non | AO26: Non | AP26: Oui | AQ26: Oui
A27: 73 | B27: 44603.737 | C27: 44603.739 | D27: anonymous | E27: 1 | F27: Football | G27: La Jeunesse Croix de l’Est | H27: FFF | I27: Un club | J27: Forbach - Saint Avold | K27: - | L27: - | M27: - | X27: Non | Y27: Non | Z27: Inexistence d'organisme de recyclage ; | AA27: Déchèterie ; | AD27: Oui, donner et vendre | AE27: Oui, acheter | AG27: Récompenses (médailles, coupes...); | AH27: Atelier de sensibilisation sur le zéro-déchets; | AM27: Non | AN27: Non | AO27: Oui | AP27: Oui | AQ27: Oui
A28: 87 | B28: 44609.659 | C28: 44609.663 | D28: anonymous | E28: 1 | F28: Football | G28: AS TETING | H28: FFF | I28: Un club | J28: Forbach - Saint Avold | K28: - | L28: - | M28: - | X28: Non | Y28: Non | Z28: Inexistence d'organisme de recyclage ; | AA28: Déchèterie ; | AD28: Oui, donner et vendre | AE28: Oui, acheter | AG28: Gros matériel (table de tennis de table, trampoline, ...); | AH28: Atelier de co-réparation;Atelier de sensibilisation sur le zéro-déchets;Atelier de transformation ;Formation aux écogestes ;Formation au développement durable ; | AM28: Non | AN28: Non | AO28: Oui | AP28: Non | AQ28: Oui
A29: 89 | B29: 44610.647 | C29: 44610.651 | D29: anonymous | E29: 1 | F29: Sport de quilles | G29: LA BOULE JOYEUSE | H29: FFBSQ | I29: Un club | J29: Metz - Orne | K29: - | L29: - | M29: - | X29: Non | Y29: Non | Z29: Inexistence d'organisme de recyclage ; | AA29: Déchèterie ;Stockage dans les locaux du club; | AD29: Oui, donner et vendre | AE29: Oui, acheter | AG29: Récompenses (médailles, coupes...);Petit matériel (balles, raquettes, volants, ...); | AH29: ce n'est pas à une structure de ce type de former les gens; | AM29: Non | AN29: Non | AO29: Oui | AP29: Non | AQ29: Oui | AR29: il ne faudrait pas que cela coûte de l'argent aux clubs ou aux fédé pour le fonctionnement de ces structures.
A30: 48 | B30: 44601.672 | C30: 44601.675 | D30: anonymous | E30: 1 | F30: Football | G30: As Bettborn Hellering | H30: FFF | I30: Un club | J30: Sarrebourg - Château-Salins | K30: - | L30: - | M30: - | X30: Non | Y30: Non | Z30: Inexistence d'organisme de recyclage ; | AA30: Déchèterie ;Stockage dans les locaux du club; | AD30: Oui, donner et vendre | AE30: Oui, acheter | AG30: Gros matériel (table de tennis de table, trampoline, ...);Petit matériel (balles, raquettes, volants, ...); | AH30: Atelier de transformation ; | AM30: Non | AN30: Non | AO30: Non | AP30: Non | AQ30: Non
A31: 56 | B31: 44602.338 | C31: 44602.339 | D31: anonymous | E31: 1 | F31: Football | G31: EXCELSIOR Cuvry | H31: FFF | I31: Un club | J31: Metz - Orne | K31: - | L31: - | M31: - | X31: Non | Y31: Non | Z31: Inexistence d'organisme de recyclage ; | AA31: Déchèterie ;Stockage dans les locaux du club; | AD31: Oui, donner et vendre | AE31: Oui, acheter | AG31: Petit matériel (balles, raquettes, volants, ...);Gros matériel (table de tennis de table, trampoline, ...);Récompenses (médailles, coupes...); | AH31: Atelier de co-réparation;Atelier de sensibilisation sur le zéro-déchets;Atelier de revalorisation;Atelier de transformation ;Formation aux écogestes ;Formation au développement durable ;Vente de pièces détachés (visses, chaines, cordes ...); | AM31: Non | AN31: Non | AO31: Oui | AP31: Oui | AQ31: Non
A32: 105 | B32: 44616.483 | C32: 44616.487 | D32: anonymous | E32: 1 | F32: Football | G32: FC VOLMERANGE LÈS BOULAY | H32: FFF | I32: Un club | J32: Forbach - Saint Avold | K32: - | L32: - | M32: - | X32: Non | Y32: Non | Z32: Inexistence d'organisme de recyclage ; | AA32: Distribution des ballons aux enfants du village ; | AD32: Oui, donner et vendre | AE32: Oui, acheter | AG32: Petit matériel (balles, raquettes, volants, ...);Récompenses (médailles, coupes...);Gros matériel (table de tennis de table, trampoline, ...); | AH32: Atelier de sensibilisation sur le zéro-déchets;Atelier de revalorisation;Formation aux écogestes ; | AM32: Non | AN32: Non | AO32: Non | AP32: Oui | AQ32: Oui | AR32: Avez vous eu une réflexion sur le recyclage du synthétique ?
A33: 71 | B33: 44603.676 | C33: 44603.678 | D33: anonymous | E33: 1 | F33: Football | G33: US ALSTING | H33: FFF | I33: Un club | J33: Forbach - Saint Avold | K33: - | L33: - | M33: - | X33: Non | Y33: Non | Z33: Inexistence d'organisme de recyclage ; | AA33: Stockage dans les locaux du club; | AD33: Oui, donner et vendre | AE33: Oui, acheter | AG33: Petit matériel (balles, raquettes, volants, ...);Vêtements / Textiles (chasubles, brassard, ...); | AH33: Atelier de co-réparation;Vente de pièces détachés (visses, chaines, cordes ...); | AM33: Non | AN33: Non | AO33: Non | AP33: Oui | AQ33: Oui | AR33: Bonjour, Nous sommes déjà en réflexion pour donner nos anciens maillots pour les donner dans des clubs dans le besoin (pays d'Afrique,...)
A34: 44 | B34: 44601.579 | C34: 44601.584 | D34: anonymous | E34: 1 | F34: Football | G34: FC PANGE | H34: FFF | I34: Un club | J34: Metz - Orne | K34: - | L34: - | M34: - | X34: Non | Y34: Non | Z34: Inexistence d'organisme de recyclage ; | AA34: Stockage dans les locaux du club; | AD34: Oui, donner et vendre | AE34: Oui, acheter | AG34: Petit matériel (balles, raquettes, volants, ...);Gros matériel (table de tennis de table, trampoline, ...); | AH34: Atelier de revalorisation; | AM34: Non | AN34: Non | AO34: Non | AP34: Non | AQ34: Oui
A35: 21 | B35: 44593.585 | C35: 44593.589 | D35: anonymous | E35: 1 | F35: Plongé | G35: Plongée Nature VTT | H35: FFESSM | I35: Un club | J35: Metz - Orne | K35: - | L35: - | M35: - | X35: Non | Y35: Non | Z35: Inexistence d'organisme de recyclage ; | AA35: Stockage dans les locaux du club; | AD35: Oui, donner et vendre | AE35: Oui, acheter | AG35: Petit équipement individuel : palmes, masques, tubas, combinaisons; | AH35: Atelier de co-réparation; | AM35: Non | AN35: Non | AO35: Non | AP35: Non | AQ35: Non
A36: 104 | B36: 44615.821 | C36: 44615.832 | D36: anonymous | E36: 1 | F36: Basket | G36: ROMBAS OLYMPIC CLUB BASKET | H36: FEDERATION FRANCAISE DE BASKET-BALL | I36: Un club | J36: Metz - Orne | K36: - | L36: - | M36: - | X36: Non | Y36: Non | Z36: Inexistence d'organisme de recyclage ; | AA36: Stockage dans les locaux du club;Déchèterie ;Poubelle; | AD36: Oui, donner et vendre | AE36: Oui, acheter | AG36: Récompenses (médailles, coupes...);Vêtements / Textiles (chasubles, brassard, ...);Petit matériel (balles, raquettes, volants, ...); | AH36: Atelier de co-réparation;Atelier de revalorisation;Atelier de transformation ; | AM36: Non | AN36: Non | AO36: Oui | AP36: Non | AQ36: Non
A37: 33 | B37: 44601.396 | C37: 44601.398 | D37: anonymous | E37: 1 | F37: Football | G37: AS Morhange | H37: FFF | I37: Un club | J37: Sarrebourg - Château-Salins | K37: - | L37: - | M37: - | X37: Non | Y37: Non | Z37: Inexistence d'organisme de recyclage ;Mauvais comportements individuels; | AA37: Déchèterie ; | AD37: Oui, donner et vendre | AE37: Oui, acheter | AG37: Vêtements / Textiles (chasubles, brassard, ...);Petit matériel (balles, raquettes, volants, ...);Gros matériel (table de tennis de table, trampoline, ...); | AH37: Atelier de co-réparation;Atelier de sensibilisation sur le zéro-déchets;Formation au développement durable ;Formation aux écogestes ; | AM37: Non | AN37: Non | AO37: Oui | AP37: Oui | AQ37: Oui | AR37: Le tri sélectif des déchets reste au niveau de l'association un cauchemar à gérer et garantir. Une réelle éducation des consciences reste plus que jamais nécessaire.
A38: 35 | B38: 44601.399 | C38: 44601.402 | D38: anonymous | E38: 1 | F38: Football | G38: Us voyer | H38: Football | I38: Un club | J38: Sarrebourg - Château-Salins | K38: - | L38: - | M38: - | X38: Non | Y38: Non | Z38: Inexistence d'organisme de recyclage ;Méconnaissance ; | AA38: On ne l enlevé que lorsqu'il est cassé ; | AD38: Oui, donner et vendre | AE38: Oui, acheter | AG38: Récompenses (médailles, coupes...); | AH38: Formation aux écogestes ; | AM38: Non | AN38: Non | AO38: Non | AP38: Non | AQ38: Oui
A39: 93 | B39: 44613.512 | C39: 44613.515 | D39: anonymous | E39: 1 | F39: Athlétisme | G39: Fensch Moselle Athlétisme | H39: FFA | I39: Un club | J39: Thionville | K39: - | L39: - | M39: - | X39: Non | Y39: Non | Z39: Nous le faisons à l'intérieur du Club; | AA39: Stockage dans les locaux du club; | AD39: Oui, donner et vendre | AE39: Oui, acheter | AG39: Petit matériel (balles, raquettes, volants, ...);Vêtements / Textiles (chasubles, brassard, ...);Gros matériel (table de tennis de table, trampoline, ...); | AH39: Atelier de revalorisation;Vente de pièces détachés (visses, chaines, cordes ...); | AM39: Oui | AN39: Oui | AO39: Oui | AP39: Oui | AQ39: Oui
A40: 62 | B40: 44602.525 | C40: 44602.531 | D40: anonymous | E40: 1 | F40: Escrime | G40: Cercle d'Escrime de Sarrebourg | H40: Fédération Française d'Escrime, Handisport et de Sport Adapté | I40: Un club | J40: Sarrebourg - Château-Salins | K40: - | L40: - | M40: - | X40: Non | Y40: Non | Z40: Nous réparons le matériel, et si il est hors service, donc plus réutilisable, nous recyclons la matière (plastique, acier); | AA40: Déchèterie ;Stockage dans les locaux du club;mise à disposition d'autres structures; | AD40: Oui, donner et vendre | AE40: Oui, acheter | AG40: Récompenses (médailles, coupes...);Vêtements / Textiles (chasubles, brassard, ...);Gros matériel (table de tennis de table, trampoline, ...);Petit matériel (balles, raquettes, volants, ...);l'ensemble concernant l'escrime et matériel pédagogique des séances d'échauffement; | AH40: Atelier de sensibilisation sur le zéro-déchets;Atelier de revalorisation;Atelier de transformation ;Formation aux écogestes ;Formation au développement durable ;réparation trop spécifique à l'escrime, nous maitrisons; | AM40: Non | AN40: Oui | AO40: Oui | AP40: Oui | AQ40: Oui | AR40: Bien évidemment suivant nos disponibilités
A41: 17 | B41: 44593.442 | C41: 44593.446 | D41: anonymous | E41: 1 | F41: Plongé | G41: PNVTT | H41: FFEESM | I41: Un club | J41: Metz - Orne | K41: - | L41: - | M41: - | X41: Non | Y41: Non | Z41: Raison de sécurité (matériel répondant à des normes de sécurité);Inexistence d'organisme de recyclage ; | AA41: Déchèterie ;Stockage dans les locaux du club; | AD41: Oui, donner et vendre | AE41: Oui, acheter | AG41: Vêtements / Textiles (chasubles, brassard, ...);Petit matériel (balles, raquettes, volants, ...); | AH41: Formation aux écogestes ;Formation au développement durable ; | AM41: Non | AN41: Non | AO41: Oui | AP41: Oui | AQ41: Oui
A42: 13 | B42: 44589.596 | C42: 44589.6 | D42: anonymous | E42: 1 | F42: Aviron | G42: La Yoile Hamoise | H42: FFAviron | I42: Un club | J42: Thionville | K42: - | L42: - | M42: - | X42: Non | Y42: Non | Z42: Raison de sécurité (matériel répondant à des normes de sécurité);Trop de temps à consacrer ;Inexistence d'organisme de recyclage ; | AA42: Stockage dans les locaux du club;Déchèterie ; | AD42: Oui, donner et vendre | AE42: Oui, acheter | AG42: Récompenses (médailles, coupes...);Petit matériel (balles, raquettes, volants, ...);Gros matériel (table de tennis de table, trampoline, ...); | AH42: Vente de pièces détachés (visses, chaines, cordes ...);Formation au développement durable ;Atelier de co-réparation;Atelier de transformation ; | AM42: Non | AN42: Non | AO42: Oui | AP42: Non | AQ42: Oui
A43: 98 | B43: 44613.77 | C43: 44613.776 | D43: anonymous | E43: 1 | F43: Athlétisme | G43: Athletic club Amnéville | H43: Fédération Française d’Athlétisme | I43: Un club | J43: Metz - Orne | K43: - | L43: - | M43: - | X43: Non | Y43: Non | Z43: Trop de temps à consacrer ; | AA43: Déchèterie ;Stockage dans les locaux du club; | AD43: Oui, donner et vendre | AE43: Oui, acheter | AG43: Récompenses (médailles, coupes...);Petit matériel (balles, raquettes, volants, ...); | AH43: Atelier de co-réparation; | AM43: Non | AN43: Non | AO43: Non | AP43: Non | AQ43: Oui | AR43: Racheter du petit matériel pour la pratique jeunes afin de réaliser des économies
A44: 97 | B44: 44613.734 | C44: 44613.736 | D44: anonymous | E44: 1 | F44: Athlétisme | G44: ATHLETISME SARREBOURG MOSELLE SUD | H44: FFA | I44: Un club | J44: Sarrebourg - Château-Salins | K44: - | L44: - | M44: - | X44: Non | Y44: Non | Z44: Trop de temps à consacrer ;Inexistence d'organisme de recyclage ;Raison de sécurité (matériel répondant à des normes de sécurité); | AA44: Stockage dans les locaux du club;Déchèterie ; | AD44: Oui, donner et vendre | AE44: Oui, acheter | AG44: Gros matériel (table de tennis de table, trampoline, ...); | AH44: Atelier de transformation ;Atelier de revalorisation;Atelier de co-réparation; | AM44: Non | AN44: Non | AO44: Oui | AP44: Oui | AQ44: Oui
A45: 12 | B45: 44589.364 | C45: 44589.368 | D45: anonymous | E45: 1 | F45: Lutte | G45: Sporting Club Lutte Lorquin | H45: Fédération Française de Lutte et disciplines associées | I45: Un club | J45: Sarrebourg - Château-Salins | K45: - | L45: - | M45: - | X45: Oui | Y45: Non | Z45: Raison de sécurité (matériel répondant à des normes de sécurité); | AA45: Déchèterie ; | AD45: Oui, donner et vendre | AE45: Oui, acheter | AG45: Petit matériel (balles, raquettes, volants, ...);Récompenses (médailles, coupes...); | AH45: Formation aux écogestes ;Formation au développement durable ;Atelier de sensibilisation sur le zéro-déchets; | AM45: Non | AN45: Non | AO45: Oui | AP45: Oui | AQ45: Non
A46: 3 | B46: 44587.712 | C46: 44587.729 | D46: anonymous | E46: 1 | F46: CK | G46: Canoé Kayak Val De Sarre | H46: FFCK | I46: Un club | J46: Sarreguemines - Bitche | K46: - | L46: - | M46: - | X46: Non | Y46: Oui | AB46: Des actions en interne à l'association | AC46: achat d outillages de réparation . Tous équipements (tenues et bateaux) trop petit sont passés à la nouvelle génération | AD46: Oui, donner et vendre | AE46: Oui, acheter | AG46: Vêtements / Textiles (chasubles, brassard, ...);Gros matériel (table de tennis de table, trampoline, ...);Petit matériel (balles, raquettes, volants, ...); | AH46: Atelier de co-réparation;Atelier de sensibilisation sur le zéro-déchets;Atelier de revalorisation;Formation aux écogestes ;Vente de pièces détachés (visses, chaines, cordes ...);Formation au développement durable ; | AM46: Non | AN46: Non | AO46: Oui | AP46: Oui | AQ46: Oui | AR46: faire un atelier de réparation de bateaux (-Carbonne ,fibre, PE) Echange de matériel .Trouver du matériel d'occasion adapté au différent public
A47: 76 | B47: 44604.263 | C47: 44604.266 | D47: anonymous | E47: 1 | F47: Handisport | G47: CLUB HANDISPORT LES LIONS | H47: handisport | I47: Un club | J47: Forbach - Saint Avold | K47: - | L47: - | M47: - | X47: Non | Y47: Oui | AB47: En lien avec un acteur externe | AC47: Nous lui redonnons le matériel de nos licenciés. Pas de materiel sportif cr nouveau club | AD47: Oui, donner et vendre | AE47: Oui, acheter | AG47: Gros matériel (table de tennis de table, trampoline, ...);Vêtements / Textiles (chasubles, brassard, ...);Récompenses (médailles, coupes...);Petit matériel (balles, raquettes, volants, ...); | AH47: Atelier de co-réparation;Atelier de sensibilisation sur le zéro-déchets;Formation aux écogestes ;Formation au développement durable ;Vente de pièces détachés (visses, chaines, cordes ...);Atelier de revalorisation;Atelier de transformation ; | AM47: Non | AN47: Non | AO47: Oui | AP47: Oui | AQ47: Oui
A48: 10 | B48: 44588.487 | C48: 44588.494 | D48: anonymous | E48: 1 | F48: CK | G48: NAUTIC CLUB BOUZONVILLE | H48: CANOE KAYAK | I48: Un club | J48: Forbach - Saint Avold | K48: - | L48: - | M48: - | X48: Non | Y48: Oui | AB48: Des actions en interne à l'association | AC48: jusqu'en 2019, le matériel était donné sur des actions humanitaires. | AD48: Oui, donner et vendre | AE48: Oui, acheter | AG48: Petit matériel (balles, raquettes, volants, ...);Gros matériel (table de tennis de table, trampoline, ...);Vêtements / Textiles (chasubles, brassard, ...);Récompenses (médailles, coupes...); | AH48: Atelier de co-réparation;Atelier de transformation ;Vente de pièces détachés (visses, chaines, cordes ...);Atelier de revalorisation;Formation aux écogestes ;atelier d'art pour création avec des déchets; | AM48: Non | AN48: Non | AO48: Oui | AP48: Oui | AQ48: Oui
A49: 67 | B49: 44602.775 | C49: 44602.777 | D49: anonymous | E49: 1 | F49: Tennis de table | G49: Le Tennis de Table de Maizières-Lès-Metz | H49: FFTT | I49: Un club | J49: Metz - Orne | K49: - | L49: - | M49: - | X49: Oui | Y49: Oui | AB49: En lien avec le programme de la fédération | AC49: Ramassage de revêtements de raquette de tennis de table pour offrir en Afrique | AD49: Oui, donner et vendre | AE49: Oui, acheter | AG49: Petit matériel (balles, raquettes, volants, ...);Gros matériel (table de tennis de table, trampoline, ...);Récompenses (médailles, coupes...); | AH49: Atelier de sensibilisation sur le zéro-déchets;Atelier de revalorisation;Formation aux écogestes ;Formation au développement durable ; | AM49: Non | AN49: Oui | AO49: Oui | AP49: Oui | AQ49: Oui
A50: 77 | B50: 44604.704 | C50: 44604.706 | D50: anonymous | E50: 1 | F50: Football | G50: AS SCHAEFERHOF DABO | H50: FFF | I50: Un club | J50: Sarrebourg - Château-Salins | K50: - | L50: - | M50: - | X50: Non | Y50: Non | Z50: Inexistence d'organisme de recyclage ; | AA50: Déchèterie ; | AD50: Oui, donner | AE50: Oui, acheter | AG50: Vêtements / Textiles (chasubles, brassard, ...);Récompenses (médailles, coupes...);Gros matériel (table de tennis de table, trampoline, ...);Petit matériel (balles, raquettes, volants, ...); | AH50: Formation aux écogestes ;Formation au développement durable ; | AM50: Non | AN50: Non | AO50: Oui | AP50: Non | AQ50: Non
A51: 78 | B51: 44604.771 | C51: 44604.776 | D51: anonymous | E51: 1 | F51: Basket | G51: basket club Clouange | H51: GES 0057044 | I51: Un club | J51: Metz - Orne | K51: - | L51: - | M51: - | X51: Non | Y51: Non | Z51: Inexistence d'organisme de recyclage ; | AA51: don au école.; | AD51: Oui, donner | AE51: Oui, acheter | AG51: Vêtements / Textiles (chasubles, brassard, ...); | AH51: Atelier de sensibilisation sur le zéro-déchets; | AM51: Non | AN51: Non | AO51: Non | AP51: Non | AQ51: Oui
A52: 39 | B52: 44601.44 | C52: 44601.442 | D52: anonymous | E52: 1 | F52: Football | G52: ENTENTE BURE BOULANGE FOOTBALL | H52: FEDERATION FRANCAISE DE FOOTBALL | I52: Un club | J52: Thionville | K52: - | L52: - | M52: - | X52: Non | Y52: Non | Z52: Raison de sécurité (matériel répondant à des normes de sécurité); | AA52: Déchèterie ; | AD52: Oui, donner | AE52: Oui, acheter | AG52: Vêtements / Textiles (chasubles, brassard, ...); | AH52: Atelier de co-réparation; | AM52: Non | AN52: Non | AO52: Non | AP52: Non | AQ52: Non
A53: 19 | B53: 44593.556 | C53: 44593.559 | D53: anonymous | E53: 1 | F53: Plongé | G53: Plongée Nature VTT | H53: FFESSM | I53: Un club | J53: Metz - Orne | K53: - | L53: - | M53: - | X53: Non | Y53: Non | Z53: Raison de sécurité (matériel répondant à des normes de sécurité); | AA53: Déchèterie ; | AD53: Oui, donner | AE53: Oui, acheter | AG53: Vêtements / Textiles (chasubles, brassard, ...); | AH53: Atelier de revalorisation;Atelier de transformation ; | AM53: Non | AN53: Non | AO53: Non | AP53: Non | AQ53: Oui
A54: 7 | B54: 44587.86 | C54: 44587.875 | D54: anonymous | E54: 1 | F54: Escrime | G54: Association Sportive Boulay-Moselle Escrime (ASBME - BOULAY ESCRIME) | H54: Fédération Française d'Escrime (F.F.E.) | I54: Un club | J54: Forbach - Saint Avold | K54: - | L54: - | M54: - | X54: Non | Y54: Non | Z54: Raison de sécurité (matériel répondant à des normes de sécurité);Inexistence d'organisme de recyclage ;Nous gérons un renouvellement de nos équipements individuels qui sont mis à disposition de nos jeunes, nous disponsons actuellement d'un parc d'équipements permettant de répondre aux besoins de nos licenciés (environ 50 adhérents). Le matériel remplacé est généralement hors norme ou usé. En ce qui concerne le matériel collectif (appareils électroniques, enrouleurs de piste) nous les avons acquis ces quatre dernières années, il est donc fiable. Par ailleurs nous sommes un jeune club (5 années d'existence) mais ne disposons pas d'une salle d'armes spécialisée en secteur de pays de Nied. Nous ne disposons donc pas de structure fixe, ce qui est un handicap pour le développement de notre discipline sur ce bassin. ; | AA54: Stockage dans les locaux du club;Volume restreint : notre club est jeune (créé en 2016/2017); | AD54: Oui, donner | AE54: Oui, acheter | AG54: Piste escrime textile ou plaques. Bien sûr fonction de l'état de cession.. ; | AH54: Atelier de co-réparation;Armurerie : faire du neuf avec du vieux... ; | AM54: Non | AN54: Non | AO54: Oui | AP54: Oui | AQ54: Oui | AR54: Dans le contexte particulier de l'escrime il faut tenir compte d'une part de la technicité (électronique, électricité, etc.) pour le gros appareillage, voire pour la réparation des armes individuelles, d'autre part des impératifs sécuritaires (normes FFE 350 Newtons / FIE 800 à 1600 Newtons pour les tenues et masques, et les armes (FIE lames maraging), etc. Au lancement de mon club, j'ai eu la chance d'acquérir du matériel d'occasion d'un autre club de Meurthe et Moselle : cela nous a permis de faire nos premiers pas, alors que nous partions de zéro en terme d'équipements... Pour créer de nouvelles structures ou antennes le recours à du matériel et équipement d'occasion peut être une bonne approche...
A55: 74 | B55: 44603.74 | C55: 44603.744 | D55: anonymous | E55: 1 | F55: Football | G55: US Illange | H55: FFF | I55: Un club | J55: Thionville | K55: - | L55: - | M55: - | X55: Non | Y55: Non | Z55: Trés peu de matériel à recycler; | AA55: Déchèterie ; | AD55: Oui, donner | AE55: Oui, acheter | AG55: Gros matériel (table de tennis de table, trampoline, ...); | AH55: Atelier de co-réparation;Atelier de revalorisation;Atelier de sensibilisation sur le zéro-déchets; | AM55: Non | AN55: Non | AO55: Non | AP55: Non | AQ55: Oui
A56: 41 | B56: 44601.492 | C56: 44601.501 | D56: anonymous | E56: 1 | F56: Football | G56: FC Wpoippy | H56: Fédération française de football | I56: Un club | J56: Metz - Orne | K56: - | L56: - | M56: - | X56: Oui | Y56: Non | Z56: Inexistence d'organisme de recyclage ; | AA56: maillots et ballons sont donnés a des association qui les redonnent en Afriques; | AD56: Oui, donner | AE56: Oui, acheter | AG56: Récompenses (médailles, coupes...); | AH56: Atelier de sensibilisation sur le zéro-déchets; | AM56: Non | AN56: Non | AO56: Oui | AP56: Oui | AQ56: Oui
A57: 50 | B57: 44601.776 | C57: 44601.78 | D57: anonymous | E57: 1 | F57: Basket | G57: U.S. Basket Uckange | H57: FFBB | I57: Un club | J57: Thionville | K57: - | L57: - | M57: - | X57: Non | Y57: Oui | AB57: En lien avec un acteur externe | AC57: Ecoles Communales. | AD57: Oui, donner | AE57: Oui, acheter | AG57: Récompenses (médailles, coupes...);Petit matériel (balles, raquettes, volants, ...);Gros matériel (table de tennis de table, trampoline, ...); | AH57: Atelier de sensibilisation sur le zéro-déchets;Atelier de revalorisation;Atelier de transformation ;Formation aux écogestes ;Formation au développement durable ; | AM57: Non | AN57: Non | AO57: Non | AP57: Oui | AQ57: Oui | AR57: Pas beaucoup de temps à consacrer en dehors de la gestion du club.
A58: 25 | B58: 44601.383 | C58: 44601.386 | D58: anonymous | E58: 1 | F58: Football | G58: AS Hellimer | H58: FFF | I58: Un club | J58: Forbach - Saint Avold | K58: - | L58: - | M58: - | X58: Non | Y58: Non | Z58: Inexistence d'organisme de recyclage ; | AA58: Stockage dans les locaux du club; | AD58: Oui, vendre | AE58: Oui, recevoir gratuitement | AF58: aucune | AG58: Gros matériel (table de tennis de table, trampoline, ...);Petit matériel (balles, raquettes, volants, ...); | AH58: Atelier de revalorisation; | AM58: Non | AN58: Non | AO58: Non | AP58: Non | AQ58: Non | AR58: on a tellement d'autres pb dans les petits clubs, nous sommes à des années lumières de vos "problématiques" Les petites communes n'ont pas les infrastructures et financement des villes, il serait temps de le voir, au risque de nous voir disparaitre
A59: 101 | B59: 44613.904 | C59: 44613.908 | D59: anonymous | E59: 1 | F59: Athlétisme | G59: ENTENTE SPORTIVE CREHANGE FAULQUEMONT ATHLETISME | H59: FEDERATION FRANCAISE D'ATHLETISME | I59: Un club | J59: Forbach - Saint Avold | K59: - | L59: - | M59: - | X59: Non | Y59: Non | Z59: Inexistence d'organisme de recyclage ; | AA59: Stockage dans les locaux du club; | AD59: Oui, vendre | AE59: Oui, recevoir gratuitement | AF59: Pas adapté aux exigences des entrainements ou trop usé. | AG59: Gros matériel (table de tennis de table, trampoline, ...);Petit matériel (balles, raquettes, volants, ...); | AH59: Atelier de revalorisation;Formation au développement durable ;Vente de pièces détachés (visses, chaines, cordes ...); | AM59: Non | AN59: Non | AO59: Non | AP59: Oui | AQ59: Oui | AR59: Si un site internet peut voir le jour , ce serait bien.
A60: 59 | B60: 44602.412 | C60: 44602.418 | D60: anonymous | E60: 1 | F60: EPGV | G60: GVK Kédangeoise | H60: FFEPGV | I60: Un club | J60: Thionville | K60: - | L60: - | M60: - | X60: Non | Y60: Non | Z60: Inexistence d'organisme de recyclage ; | AA60: Stockage dans les locaux du club; | AD60: Oui, vendre | AE60: Oui, recevoir gratuitement | AF60: Absence d'animateur dédié à l'activité. | AG60: Petit matériel (balles, raquettes, volants, ...);Récompenses (médailles, coupes...); | AH60: Atelier de revalorisation; | AM60: Non | AN60: Non | AO60: Non | AP60: Oui | AQ60: Oui
A61: 83 | B61: 44606.674 | C61: 44606.677 | D61: anonymous | E61: 1 | F61: Football | G61: Union Sportive de Rouhling | H61: Football (FFF) | I61: Un club | J61: Sarreguemines - Bitche | K61: - | L61: - | M61: - | X61: Non | Y61: Non | Z61: Inexistence d'organisme de recyclage ; | AA61: Déchèterie ; | AD61: Oui, donner et vendre | AE61: Oui, recevoir gratuitement | AF61: - | AG61: Petit matériel (balles, raquettes, volants, ...);Gros matériel (table de tennis de table, trampoline, ...);Récompenses (médailles, coupes...); | AH61: Atelier de sensibilisation sur le zéro-déchets;Atelier de revalorisation;Formation aux écogestes ; | AM61: Non | AN61: Non | AO61: Non | AP61: Non | AQ61: Oui | AR61: -
A62: 90 | B62: 44611.341 | C62: 44611.345 | D62: anonymous | E62: 1 | F62: Football | G62: entente sportive de Petite Rosselle | H62: Fédération française de football | I62: Un club | J62: Forbach - Saint Avold | K62: - | L62: - | M62: - | X62: Non | Y62: Non | Z62: Inexistence d'organisme de recyclage ; | AA62: Déchèterie ; | AD62: Oui, donner et vendre | AE62: Oui, recevoir gratuitement | AF62: aucune | AG62: Petit matériel (balles, raquettes, volants, ...); | AH62: Atelier de co-réparation; | AM62: Non | AN62: Non | AO62: Non | AP62: Non | AQ62: Non | AR62: non
A63: 68 | B63: 44602.778 | C63: 44602.781 | D63: anonymous | E63: 1 | F63: Football | G63: SC MARLY | H63: 518460 | I63: Un club | J63: Metz - Orne | K63: - | L63: - | M63: - | X63: Non | Y63: Non | Z63: Inexistence d'organisme de recyclage ; | AA63: Déchèterie ; | AD63: Oui, donner et vendre | AE63: Oui, recevoir gratuitement | AF63: AUCUNE RAISON PARTICULIERE | AG63: Gros matériel (table de tennis de table, trampoline, ...); | AH63: Atelier de co-réparation; | AM63: Non | AN63: Non | AO63: Non | AP63: Non | AQ63: Non | AR63: NON
A64: 82 | B64: 44606.589 | C64: 44606.592 | D64: anonymous | E64: 1 | F64: Football | G64: Association Sportive et Culturelle de Dolving | H64: FFF | I64: Un club | J64: Sarrebourg - Château-Salins | K64: - | L64: - | M64: - | X64: Non | Y64: Non | Z64: Inexistence d'organisme de recyclage ; | AA64: Déchèterie ; | AD64: Oui, donner et vendre | AE64: Oui, recevoir gratuitement | AF64: État du matériel | AG64: Petit matériel (balles, raquettes, volants, ...);Vêtements / Textiles (chasubles, brassard, ...);Récompenses (médailles, coupes...); | AH64: Atelier de revalorisation;Atelier de sensibilisation sur le zéro-déchets; | AM64: Non | AN64: Non | AO64: Oui | AP64: Non | AQ64: Oui
A65: 18 | B65: 44593.461 | C65: 44593.467 | D65: anonymous | E65: 1 | F65: Plongé | G65: PNVTT | H65: FFESSM | I65: Un club | J65: Metz - Orne | K65: - | L65: - | M65: - | X65: Non | Y65: Non | Z65: Inexistence d'organisme de recyclage ; | AA65: Déchèterie ; | AD65: Oui, donner et vendre | AE65: Oui, recevoir gratuitement | AF65: Normes de sécurité, hygiène | AG65: Petit matériel (balles, raquettes, volants, ...);Gros matériel (table de tennis de table, trampoline, ...);Vêtements / Textiles (chasubles, brassard, ...); | AH65: Atelier de co-réparation;Atelier de revalorisation;Vente de pièces détachés (visses, chaines, cordes ...); | AM65: Non | AN65: Non | AO65: Oui | AP65: Non | AQ65: Non
A66: 32 | B66: 44601.383 | C66: 44601.392 | D66: anonymous | E66: 1 | F66: Football | G66: Fc Yutz | H66: FFF | I66: Un club | J66: Thionville | K66: - | L66: - | M66: - | X66: Non | Y66: Non | Z66: Inexistence d'organisme de recyclage ; | AA66: Déchèterie ; | AD66: Oui, donner et vendre | AE66: Oui, recevoir gratuitement | AF66: Trop usé, non performant pour la compétition | AG66: Petit matériel (balles, raquettes, volants, ...); | AH66: Formation aux écogestes ; | AM66: Non | AN66: Non | AO66: Oui | AP66: Non | AQ66: Non
A67: 20 | B67: 44593.558 | C67: 44593.563 | D67: anonymous | E67: 1 | F67: Plongé | G67: Plongée-Nature-VTT | H67: FFESSM | I67: Un club | J67: Metz - Orne | K67: - | L67: - | M67: - | X67: Non | Y67: Non | Z67: Inexistence d'organisme de recyclage ; | AA67: Déchèterie ;Stockage dans les locaux du club; | AD67: Oui, donner et vendre | AE67: Oui, recevoir gratuitement | AF67: Nous avons déjà racheté du matériel d'occasion et nous en avons déjà reçu en don | AG67: matériel de plongée sous-marine et vêtements néoprène; | AH67: Atelier de co-réparation;Vente de pièces détachés (visses, chaines, cordes ...);Atelier de revalorisation;Atelier de transformation ; | AM67: Non | AN67: Non | AO67: Oui | AP67: Non | AQ67: Oui | AR67: Je souhaiterai pouvoir recycler mon matériel que ce soit sous forme de réparation, don, recyclage , transformation ...
A68: 29 | B68: 44601.385 | C68: 44601.388 | D68: anonymous | E68: 1 | F68: Football | G68: ES Faulquemont Créhange | H68: 503744 | I68: Un club | J68: Forbach - Saint Avold | K68: - | L68: - | M68: - | X68: Non | Y68: Non | Z68: Inexistence d'organisme de recyclage ; | AA68: Déchèterie ;Stockage dans les locaux du club; | AD68: Oui, donner et vendre | AE68: Oui, recevoir gratuitement | AF68: Nous serions prêt a acheter ou recevoir à voir selon le prix de vente. | AG68: Petit matériel (balles, raquettes, volants, ...);Gros matériel (table de tennis de table, trampoline, ...);Récompenses (médailles, coupes...); | AH68: Atelier de co-réparation;Atelier de sensibilisation sur le zéro-déchets;Atelier de revalorisation;Atelier de transformation ;Formation aux écogestes ;Formation au développement durable ;Vente de pièces détachés (visses, chaines, cordes ...); | AM68: Non | AN68: Non | AO68: Oui | AP68: Oui | AQ68: Oui | AR68: Très bonne initiative.
A69: 64 | B69: 44602.694 | C69: 44602.697 | D69: anonymous | E69: 1 | F69: Football | G69: SR SARRALTROFF | H69: FFF | I69: Un club | J69: Sarrebourg - Château-Salins | K69: - | L69: - | M69: - | X69: Non | Y69: Non | Z69: Inexistence d'organisme de recyclage ; | AA69: Déchèterie ;Stockage dans les locaux du club; | AD69: Oui, donner et vendre | AE69: Oui, recevoir gratuitement | AF69: Trop abimé | AG69: Gros matériel (table de tennis de table, trampoline, ...); | AH69: Atelier de co-réparation;Atelier de transformation ;Vente de pièces détachés (visses, chaines, cordes ...); | AM69: Non | AN69: Non | AO69: Non | AP69: Non | AQ69: Oui
A70: 37 | B70: 44601.41 | C70: 44601.413 | D70: anonymous | E70: 1 | F70: Football | G70: AS Montigny Les Metz | H70: FFF | I70: Un club | J70: Metz - Orne | K70: - | L70: - | M70: - | X70: Non | Y70: Non | Z70: Inexistence d'organisme de recyclage ; | AA70: Dons ; | AD70: Oui, donner et vendre | AE70: Oui, recevoir gratuitement | AF70: Sécurité | AG70: Récompenses (médailles, coupes...); | AH70: Atelier de sensibilisation sur le zéro-déchets;Formation aux écogestes ;Formation au développement durable ; | AM70: Non | AN70: Non | AO70: Oui | AP70: Oui | AQ70: Oui
A71: 31 | B71: 44601.388 | C71: 44601.39 | D71: anonymous | E71: 1 | F71: Football | G71: Alliance Vosges du Nord 2010 | H71: fff | I71: Un club | J71: Sarreguemines - Bitche | K71: - | L71: - | M71: - | X71: Non | Y71: Non | Z71: Inexistence d'organisme de recyclage ; | AA71: Stockage dans les locaux du club; | AD71: Oui, donner et vendre | AE71: Oui, recevoir gratuitement | AF71: Aucune raison | AG71: Petit matériel (balles, raquettes, volants, ...);Gros matériel (table de tennis de table, trampoline, ...); | AH71: Atelier de co-réparation;Vente de pièces détachés (visses, chaines, cordes ...);Formation aux écogestes ;Atelier de revalorisation; | AM71: Non | AN71: Non | AO71: Oui | AP71: Oui | AQ71: Oui
A72: 58 | B72: 44602.409 | C72: 44602.413 | D72: anonymous | E72: 1 | F72: Football | G72: ESAP Metz | H72: 544567 | I72: Un club | J72: Metz - Orne | K72: - | L72: - | M72: - | X72: Non | Y72: Non | Z72: Inexistence d'organisme de recyclage ; | AA72: Stockage dans les locaux du club;Déchèterie ; | AD72: Oui, donner et vendre | AE72: Oui, recevoir gratuitement | AF72: Aucunes | AG72: Petit matériel (balles, raquettes, volants, ...);Gros matériel (table de tennis de table, trampoline, ...);Vêtements / Textiles (chasubles, brassard, ...);Récompenses (médailles, coupes...); | AH72: Atelier de co-réparation;Formation aux écogestes ;Formation au développement durable ; | AM72: Non | AN72: Oui | AO72: Non | AP72: Oui | AQ72: Oui
A73: 57 | B73: 44602.381 | C73: 44602.383 | D73: anonymous | E73: 1 | F73: Football | G73: Jeunesse Sportive Ars-Laquenexy | H73: Football | I73: Un club | J73: Metz - Orne | K73: - | L73: - | M73: - | X73: Non | Y73: Non | Z73: Inexistence d'organisme de recyclage ; | AA73: Stockage dans les locaux du club;Déchèterie ; | AD73: Oui, donner et vendre | AE73: Oui, recevoir gratuitement | AF73: Sécurité | AG73: Petit matériel (balles, raquettes, volants, ...);Gros matériel (table de tennis de table, trampoline, ...);Récompenses (médailles, coupes...);Vêtements / Textiles (chasubles, brassard, ...); | AH73: Atelier de sensibilisation sur le zéro-déchets;Atelier de transformation ;Formation aux écogestes ;Formation au développement durable ; | AM73: Non | AN73: Non | AO73: Oui | AP73: Oui | AQ73: Oui
A74: 80 | B74: 44605.716 | C74: 44605.722 | D74: anonymous | E74: 1 | F74: Football | G74: F C L HOPITAL | H74: FEDERATION FRANCAISE DE FOOTBALL | I74: Un club | J74: Forbach - Saint Avold | K74: - | L74: - | M74: - | X74: Non | Y74: Non | Z74: Inexistence d'organisme de recyclage ;pas bcp de materiel; | AA74: Déchèterie ; | AD74: Oui, donner et vendre | AE74: Oui, recevoir gratuitement | AF74: un ballon de foot est il efficace d 'occasion? | AG74: Récompenses (médailles, coupes...);Vêtements / Textiles (chasubles, brassard, ...); | AH74: Atelier de sensibilisation sur le zéro-déchets; | AM74: Non | AN74: Non | AO74: Oui | AP74: Oui | AQ74: Oui
A75: 51 | B75: 44601.766 | C75: 44601.781 | D75: anonymous | E75: 1 | F75: Football | G75: union sportive BENESTROFF | H75: F F F | I75: Un club | J75: Sarrebourg - Château-Salins | K75: - | L75: - | M75: - | X75: Non | Y75: Non | Z75: Inexistence d'organisme de recyclage ;sauf les maillots qui vont en afrique dr barbiche burkina faso; | AA75: ferailleur; | AD75: Oui, donner et vendre | AE75: Oui, recevoir gratuitement | AF75: aucune | AG75: Récompenses (médailles, coupes...);parfaire la zone technique abri délégué; | AH75: Atelier de sensibilisation sur le zéro-déchets;impliquer des services civiques en plus du pef; | AM75: Non | AN75: Non | AO75: Non | AP75: Non | AQ75: Oui | AR75: j'ai signalé ce que nous faisons
A76: 6 | B76: 44587.857 | C76: 44587.864 | D76: anonymous | E76: 1 | F76: VB | G76: ASVBL57 | H76: FFVB | I76: Un club | J76: Forbach - Saint Avold | K76: - | L76: - | M76: - | X76: Non | Y76: Non | Z76: Je gères un groupement sportif; | AA76: je gères pas les biens de notre groupement; | AD76: Oui, donner et vendre | AE76: Oui, recevoir gratuitement | AF76: je gères un groupement | AG76: Antenne de mire; | AH76: chaise d'arbitre; | AM76: Non | AN76: Non | AO76: Oui | AP76: Oui | AQ76: Oui
A77: 102 | B77: 44613.938 | C77: 44613.941 | D77: anonymous | E77: 1 | F77: Athlétisme | G77: Passion Marche Nordique | H77: FFA | I77: Un club | J77: Sarreguemines - Bitche | K77: - | L77: - | M77: - | X77: Non | Y77: Non | Z77: la question ne s'est pas encore posée; | AA77: Stockage dans les locaux du club; | AD77: Oui, donner et vendre | AE77: Oui, recevoir gratuitement | AF77: Néant | AG77: Petit matériel (balles, raquettes, volants, ...); | AH77: Atelier de co-réparation; | AM77: Non | AN77: Non | AO77: Oui | AP77: Non | AQ77: Oui
A78: 65 | B78: 44602.732 | C78: 44602.737 | D78: anonymous | E78: 1 | F78: EPGV | G78: gym club malancourt | H78: ffepgv | I78: Un club | J78: Metz - Orne | K78: - | L78: - | M78: - | X78: Non | Y78: Non | Z78: pas de besoin; | AA78: Stockage dans les locaux du club; | AD78: Oui, donner et vendre | AE78: Oui, recevoir gratuitement | AF78: aucunes | AG78: Petit matériel (balles, raquettes, volants, ...); | AH78: Atelier de revalorisation; | AM78: Non | AN78: Non | AO78: Non | AP78: Non | AQ78: Non
A79: 28 | B79: 44601.384 | C79: 44601.387 | D79: anonymous | E79: 1 | F79: Football | G79: ES.COCHEREN | H79: FFF | I79: Un club | J79: Forbach - Saint Avold | K79: - | L79: - | M79: - | X79: Non | Y79: Non | Z79: Pas de matériel à recycler; | AA79: Déchèterie ; | AD79: Oui, donner et vendre | AE79: Oui, recevoir gratuitement | AF79: Aucunes raisons | AG79: Matériel football; | AH79: Vente de pièces détachés (visses, chaines, cordes ...); | AM79: Non | AN79: Non | AO79: Non | AP79: Non | AQ79: Oui | AR79: Donner aux petites associations du matériel non utilisé
A80: 46 | B80: 44601.635 | C80: 44601.645 | D80: anonymous | E80: 1 | F80: Football | G80: FC HAYANGE | H80: Française | I80: Un club | J80: Thionville | K80: - | L80: - | M80: - | X80: Non | Y80: Non | Z80: Raison de sécurité (matériel répondant à des normes de sécurité); | AA80: Déchèterie ; | AD80: Oui, donner et vendre | AE80: Oui, recevoir gratuitement | AF80: Pourquoi le Faire ? | AG80: A voir ; | AH80: J attends rien ; | AM80: Non | AN80: Non | AO80: Non | AP80: Non | AQ80: Non | AR80: Non
A81: 49 | B81: 44601.767 | C81: 44601.77 | D81: anonymous | E81: 1 | F81: Football | G81: SaintLouis2017 | H81: FFF | I81: Un club | J81: Sarreguemines - Bitche | K81: - | L81: - | M81: - | X81: Non | Y81: Non | Z81: Raison de sécurité (matériel répondant à des normes de sécurité);Si le matériel est remplacé,c'est qu'il est HS; | AA81: Déchèterie ; | AD81: Oui, donner et vendre | AE81: Oui, recevoir gratuitement | AF81: . | AG81: Gros matériel (table de tennis de table, trampoline, ...); | AH81: Atelier de revalorisation; | AM81: Non | AN81: Non | AO81: Non | AP81: Non | AQ81: Oui
A82: 60 | B82: 44602.447 | C82: 44602.452 | D82: anonymous | E82: 1 | F82: Basket | G82: New Basket Club de Sarrebourg | H82: FFBB | I82: Un club | J82: Sarrebourg - Château-Salins | K82: - | L82: - | M82: - | X82: Non | Y82: Non | Z82: Raison de sécurité (matériel répondant à des normes de sécurité);Trop de temps à consacrer ;éventail de produits différents entre ballons, cônes, vestimentaires, paniersy ; | AA82: Déchèterie ;Stockage dans les locaux du club;donne anciens shorts&maillots à des associations caritatives; | AD82: Oui, donner et vendre | AE82: Oui, recevoir gratuitement | AF82: pas de vestimentaires | AG82: Petit matériel (balles, raquettes, volants, ...);paniers de mini-basket; | AH82: Atelier de co-réparation;Atelier de sensibilisation sur le zéro-déchets;Atelier de revalorisation;Atelier de transformation ;Formation aux écogestes ;Formation au développement durable ;Vente de pièces détachés (visses, chaines, cordes ...); | AM82: Non | AN82: Non | AO82: Non | AP82: Non | AQ82: Oui
A83: 79 | B83: 44605.675 | C83: 44605.681 | D83: anonymous | E83: 1 | F83: Football | G83: Eft Sarrebourg | H83: Fff | I83: Un club | J83: Sarrebourg - Château-Salins | K83: - | L83: - | M83: - | X83: Non | Y83: Non | Z83: Trop de temps à consacrer ; | AA83: Déchèterie ; | AD83: Oui, donner et vendre | AE83: Oui, recevoir gratuitement | AF83: Les matériels déjà utilisés peuvent nuir a la bonne pratique de notre sport | AG83: Vêtements / Textiles (chasubles, brassard, ...);Petit matériel (balles, raquettes, volants, ...);Tablette; | AH83: Atelier de co-réparation;Atelier de revalorisation; | AM83: Non | AN83: Oui | AO83: Oui | AP83: Oui | AQ83: Oui
A84: 103 | B84: 44614.125 | C84: 44614.128 | D84: anonymous | E84: 1 | F84: Ski | G84: Ski club Amnéville | H84: Fédération française de Ski | I84: Un club | J84: Metz - Orne | K84: - | L84: - | M84: - | X84: Non | Y84: Non | Z84: Trop de temps à consacrer ; | AA84: Déchèterie ;Stockage dans les locaux du club;Bourse d'échanges; | AD84: Oui, donner et vendre | AE84: Oui, recevoir gratuitement | AF84: Entretien et réglage des skis personnalisés | AG84: Petit matériel (balles, raquettes, volants, ...);Gros matériel (table de tennis de table, trampoline, ...);Vêtements / Textiles (chasubles, brassard, ...);Récompenses (médailles, coupes...); | AH84: Formation aux écogestes ;Vente de pièces détachés (visses, chaines, cordes ...); | AM84: Non | AN84: Non | AO84: Oui | AP84: Non | AQ84: Oui
A85: 53 | B85: 44601.831 | C85: 44601.835 | D85: anonymous | E85: 1 | F85: Football | G85: Us froidcul | H85: FFF | I85: Un club | J85: Metz - Orne | K85: - | L85: - | M85: - | X85: Non | Y85: Non | Z85: Trop de temps à consacrer ;Inexistence d'organisme de recyclage ; | AA85: Stockage dans les locaux du club; | AD85: Oui, donner et vendre | AE85: Oui, recevoir gratuitement | AF85: Doute sur la qualité | AG85: Petit matériel (balles, raquettes, volants, ...);Gros matériel (table de tennis de table, trampoline, ...);Vêtements / Textiles (chasubles, brassard, ...);Récompenses (médailles, coupes...); | AH85: Atelier de co-réparation;Formation au développement durable ;Vente de pièces détachés (visses, chaines, cordes ...);Atelier de transformation ;Atelier de revalorisation; | AM85: Non | AN85: Non | AO85: Non | AP85: Oui | AQ85: Oui
A86: 45 | B86: 44601.585 | C86: 44601.589 | D86: anonymous | E86: 1 | F86: Football | G86: Basket club Hayange marspich | H86: Ffbb | I86: Un club | J86: Thionville | K86: - | L86: - | M86: - | X86: Oui | Y86: Non | Z86: Don interne; | AA86: Déchèterie ; | AD86: Oui, donner et vendre | AE86: Oui, recevoir gratuitement | AF86: Si différentes des couleurs du club | AG86: Petit matériel (balles, raquettes, volants, ...); | AH86: Vente de pièces détachés (visses, chaines, cordes ...); | AM86: Non | AN86: Oui | AO86: Non | AP86: Non | AQ86: Oui
A87: 24 | B87: 44601.383 | C87: 44601.386 | D87: anonymous | E87: 1 | F87: Football | G87: Club Sportif Montois | H87: FFF | I87: Un club | J87: Metz - Orne | K87: - | L87: - | M87: - | X87: Oui | Y87: Non | Z87: Inexistence d'organisme de recyclage ; | AA87: Stockage dans les locaux du club; | AD87: Oui, donner et vendre | AE87: Oui, recevoir gratuitement | AF87: Aucune | AG87: Petit matériel (balles, raquettes, volants, ...);Récompenses (médailles, coupes...); | AH87: Atelier de sensibilisation sur le zéro-déchets;Atelier de transformation ; | AM87: Non | AN87: Non | AO87: Oui | AP87: Oui | AQ87: Oui
A88: 30 | B88: 44601.385 | C88: 44601.389 | D88: anonymous | E88: 1 | F88: Football | G88: US THIONVILLE LUSITANOS | H88: FFF | I88: Un club | J88: Thionville | K88: - | L88: - | M88: - | X88: Oui | Y88: Non | Z88: Pas de programme précis ; | AA88: Stockage dans les locaux du club;Dons; | AD88: Oui, donner et vendre | AE88: Oui, recevoir gratuitement | AF88: Mauvais état | AG88: Gros matériel (table de tennis de table, trampoline, ...); | AH88: Atelier de co-réparation;Vente de pièces détachés (visses, chaines, cordes ...);Atelier de sensibilisation sur le zéro-déchets;Atelier de revalorisation; | AM88: Non | AN88: Non | AO88: Oui | AP88: Non | AQ88: Oui
A89: 61 | B89: 44602.493 | C89: 44602.495 | D89: anonymous | E89: 1 | F89: EPGV | G89: ENERGY'Z FIT COURCELLES | H89: EPGV | I89: Un club | J89: Metz - Orne | K89: - | L89: - | M89: - | X89: Oui | Y89: Non | Z89: Raison de sécurité (matériel répondant à des normes de sécurité); | AA89: Stockage dans les locaux du club; | AD89: Oui, donner et vendre | AE89: Oui, recevoir gratuitement | AF89: Le type de matériel ne se prêtant pas à une réutilisation (matériel usé ou défectueux) | AG89: Petit matériel (balles, raquettes, volants, ...); | AH89: Atelier de revalorisation; | AM89: Non | AN89: Non | AO89: Non | AP89: Non | AQ89: Non
A90: 69 | B90: 44602.82 | C90: 44602.828 | D90: anonymous | E90: 1 | F90: EPGV | G90: Energym Scy-Chazelles | H90: FFEPGV | I90: Un club | J90: Metz - Orne | K90: - | L90: - | M90: - | X90: Non | Y90: Oui | AB90: Des actions en interne à l'association | AC90: Revente aux adhérents | AD90: Oui, donner et vendre | AE90: Oui, recevoir gratuitement | AF90: Usure du matériel . Elastiband détendus ou bracelet lestés salis . | AG90: Petit matériel (balles, raquettes, volants, ...); | AH90: Atelier de transformation ;Atelier de revalorisation; | AM90: Non | AN90: Non | AO90: Non | AP90: Non | AQ90: Non | AR90: Notre association n’est pas vraiment concernée par le recyclage de son matériel . Nos tapis qui ont 25 ans sont d’une grande qualité et pourront être utilisés encore 25 ans . Depuis la pandémie tout le matériel a été vendu à chaque adhérent . Chacun a son propre matériel . Donc à part des tapis nous ne stockons plus de matériel . Super initiative pour les grosses structures. Merci
A91: 26 | B91: 44601.383 | C91: 44601.386 | D91: anonymous | E91: 1 | F91: Football | G91: As Grostenquin | H91: FFF | I91: Un club | J91: Forbach - Saint Avold | K91: - | L91: - | M91: - | X91: Non | Y91: Oui | AB91: En lien avec un acteur externe | AC91: Remise des anciens ballons à la SPA | AD91: Oui, donner et vendre | AE91: Oui, recevoir gratuitement | AF91: trop abîmé | AG91: Petit matériel (balles, raquettes, volants, ...); | AH91: Atelier de revalorisation; | AM91: Non | AN91: Non | AO91: Non | AP91: Non | AQ91: Oui | AR91: Ras
A92: 86 | B92: 44608.776 | C92: 44608.782 | D92: anonymous | E92: 1 | F92: Football | G92: Entente sportive Courcelles sur Nied | H92: FFF | I92: Un club | J92: Metz - Orne | K92: - | L92: - | M92: - | X92: Non | Y92: Oui | AB92: Des actions en interne à l'association | AC92: Le président du club est en lien avec une association humanitaire qui envoie du matériel au Sénégal afin de permettre a un public en grande précarité de pouvoir pratiquer le foot . | AD92: Oui, donner et vendre | AE92: Oui, recevoir gratuitement | AF92: S'assurer de la fiabilité du matériel , un contrôle sécuritaire préalable serait obligatoire . | AG92: Gros matériel (table de tennis de table, trampoline, ...);petits matériel pour les exercices ; | AH92: Atelier de sensibilisation sur le zéro-déchets;Atelier de revalorisation;Atelier de transformation ;Formation aux écogestes ;Formation au développement durable ; | AM92: Non | AN92: Non | AO92: Oui | AP92: Non | AQ92: Non
A93: 54 | B93: 44601.922 | C93: 44601.927 | D93: anonymous | E93: 1 | F93: Basket | G93: US SILVANGE-BASKET | H93: FFBB | I93: Un club | J93: Metz - Orne | K93: - | L93: - | M93: - | X93: Non | Y93: Oui | AB93: En lien avec un acteur externe | AC93: Recyclage des ballons de basket | AD93: Oui, donner et vendre | AE93: Oui, recevoir gratuitement | AF93: Si le matériel n'était pas réglementaire,abîmé ou ne suivait pas des normes de sécurité pour nos adhérents. | AG93: Vêtements / Textiles (chasubles, brassard, ...);Gros matériel (table de tennis de table, trampoline, ...); | AH93: Vente de pièces détachés (visses, chaines, cordes ...);Atelier de co-réparation;Atelier de revalorisation; | AM93: Non | AN93: Non | AO93: Non | AP93: Non | AQ93: Oui
A94: 91 | B94: 44611.805 | C94: 44611.819 | D94: anonymous | E94: 1 | F94: Sport de quilles | G94: Club de Q uilles IPPLING | H94: Federation française de bowling et de sports de quilles | I94: Un club | J94: Sarreguemines - Bitche | K94: - | L94: - | M94: - | X94: Non | Y94: Non | Z94: Inexistence d'organisme de recyclage ; | AA94: Déchèterie ; | AD94: Oui, donner | AE94: Oui, recevoir gratuitement | AF94: Pas forcement adopté | AG94: Petit matériel (balles, raquettes, volants, ...); | AH94: Formation aux écogestes ; | AM94: Non | AN94: Non | AO94: Non | AP94: Non | AQ94: Oui
A95: 42 | B95: 44601.519 | C95: 44601.524 | D95: anonymous | E95: 1 | F95: Football | G95: AS GS NEBING | H95: FFF | I95: Un club | J95: Sarrebourg - Château-Salins | K95: - | L95: - | M95: - | X95: Non | Y95: Non | Z95: Inexistence d'organisme de recyclage ; | AA95: Déchèterie ;Stockage dans les locaux du club; | AD95: Oui, donner | AE95: Oui, recevoir gratuitement | AF95: Sécurité et normes | AG95: Petit matériel (balles, raquettes, volants, ...); | AH95: Atelier de co-réparation;Atelier de sensibilisation sur le zéro-déchets;Formation aux écogestes ;Atelier de revalorisation;Atelier de transformation ;Formation au développement durable ; | AM95: Non | AN95: Non | AO95: Oui | AP95: Non | AQ95: Oui
A96: 72 | B96: 44603.725 | C96: 44603.733 | D96: anonymous | E96: 1 | F96: EPGV | G96: gymnastique détente pour adultes (GDA) | H96: EPGV | I96: Un club | J96: Forbach - Saint Avold | K96: - | L96: - | M96: - | X96: Non | Y96: Non | Z96: Inexistence d'organisme de recyclage ; | AA96: Don à un autre club; | AD96: Oui, donner | AE96: Oui, recevoir gratuitement | AF96: les tapis cause d'hygiène | AG96: matériels de gym; | AH96: Atelier de sensibilisation sur le zéro-déchets; | AM96: Non | AN96: Non | AO96: Non | AP96: Non | AQ96: Non | AR96: non
A97: 84 | B97: 44607.658 | C97: 44607.66 | D97: anonymous | E97: 1 | F97: Football | G97: APM METZ FC | H97: FFF | I97: Un club | J97: Metz - Orne | K97: - | L97: - | M97: - | X97: Non | Y97: Non | Z97: Inexistence d'organisme de recyclage ; | AA97: Nous les utilisons jusqu'à ce qu'il soit inutilisable; | AD97: Oui, donner | AE97: Oui, recevoir gratuitement | AF97: Dangériosité, efficacité du matériel | AG97: Récompenses (médailles, coupes...);Gros matériel (table de tennis de table, trampoline, ...); | AH97: Atelier de sensibilisation sur le zéro-déchets;Atelier de co-réparation;Atelier de revalorisation;Formation aux écogestes ;Formation au développement durable ; | AM97: Non | AN97: Oui | AO97: Oui | AP97: Oui | AQ97: Oui
A98: 55 | B98: 44601.948 | C98: 44601.952 | D98: anonymous | E98: 1 | F98: Basket | G98: CREUTZWALD Basket Club | H98: FFBB | I98: Un club | J98: Forbach - Saint Avold | K98: - | L98: - | M98: - | X98: Non | Y98: Non | Z98: Inexistence d'organisme de recyclage ; | AA98: Stockage dans les locaux du club; | AD98: Oui, donner | AE98: Oui, recevoir gratuitement | AF98: pas de raisons | AG98: materiel educatif; | AH98: Atelier de revalorisation; | AM98: Non | AN98: Non | AO98: Non | AP98: Non | AQ98: Oui | AR98: RAS
A99: 38 | B99: 44601.413 | C99: 44601.419 | D99: anonymous | E99: 1 | F99: Football | G99: Es macheren | H99: FFF | I99: Un club | J99: Forbach - Saint Avold | K99: - | L99: - | M99: - | X99: Non | Y99: Non | Z99: Inexistence d'organisme de recyclage ; | AA99: Stockage dans les locaux du club;Déchèterie ; | AD99: Oui, donner | AE99: Oui, recevoir gratuitement | AF99: Aucune | AG99: Vêtements / Textiles (chasubles, brassard, ...); | AH99: Atelier de sensibilisation sur le zéro-déchets; | AM99: Non | AN99: Non | AO99: Oui | AP99: Non | AQ99: Oui | AR99: Réflexion à faire en comité
A100: 34 | B100: 44601.397 | C100: 44601.401 | D100: anonymous | E100: 1 | F100: Football | G100: JEUNESSE SPORTIVE ASSOCIATIVE YUTZ CITÉ | H100: F.F.F | I100: Un club | J100: Thionville | K100: - | L100: - | M100: - | X100: Non | Y100: Non | Z100: Notre club à 3 ans donc pas beaucoup de matériel et le peut que nous avons est neuf; | AA100: On en a pas; | AD100: Oui, donner | AE100: Oui, recevoir gratuitement | AF100: Aucune raison . Si le matériel est en bon état nous l'acceptons volontiers . | AG100: Vêtements / Textiles (chasubles, brassard, ...);Petit matériel (balles, raquettes, volants, ...);Récompenses (médailles, coupes...); | AH100: Aucune idée ; | AM100: Non | AN100: Non | AO100: Non | AP100: Non | AQ100: Non | AR100: Nous sommes un petit club qui vient de naître et il y a plein de 3ans nous avons pas beaucoup de temps à consacrer car nous n'avons pas encore beaucoup de bénévoles .
...

Sheet Analyse
A1: Analyse | B1: Disciplines représentés
B2: Football | C2: =SUMIF(Sheet1!F:F, B2, Sheet1!E:E) -> 46
B3: EPGV | C3: =SUMIF(Sheet1!F:F, B3, Sheet1!E:E) -> 9 | E3: Total | F3: =SUM(C2:C24) -> 103
B4: Athlétisme | C4: =SUMIF(Sheet1!F:F, B4, Sheet1!E:E) -> 8
B5: Basket | C5: =SUMIF(Sheet1!F:F, B5, Sheet1!E:E) -> 8
B6: Plongé | C6: =SUMIF(Sheet1!F:F, B6, Sheet1!E:E) -> 5
B7: Escrime | C7: =SUMIF(Sheet1!F:F, B7, Sheet1!E:E) -> 3
B8: Sport de quilles | C8: =SUMIF(Sheet1!F:F, B8, Sheet1!E:E) -> 3
B9: VB | C9: =SUMIF(Sheet1!F:F, B9, Sheet1!E:E) -> 3
B10: CK | C10: =SUMIF(Sheet1!F:F, B10, Sheet1!E:E) -> 2
B11: Ski | C11: =SUMIF(Sheet1!F:F, B11, Sheet1!E:E) -> 2
B12: Triathlon | C12: =SUMIF(Sheet1!F:F, B12, Sheet1!E:E) -> 2
B13: Aeromodélisme | C13: =SUMIF(Sheet1!F:F, B13, Sheet1!E:E) -> 1
B14: Aviron | C14: =SUMIF(Sheet1!F:F, B14, Sheet1!E:E) -> 1
B15: Badminton | C15: =SUMIF(Sheet1!F:F, B15, Sheet1!E:E) -> 1 | AJ15: Pourquoi n'utiliseriez vous pas de matériel de 2nd main ? | AS15: Pourquoi n'utiliseriez vous pas de matériel de 2nd main ?
B16: Gymnastique | C16: =SUMIF(Sheet1!F:F, B16, Sheet1!E:E) -> 1 | AJ16: Absence d'animateur dédié à l'activité. | AS16: Rien à recycler
B17: Handisport | C17: =SUMIF(Sheet1!F:F, B17, Sheet1!E:E) -> 1 | AJ17: Dangériosité, efficacité du matériel | AS17: Normalisation du matériel
B18: Lutte | C18: =SUMIF(Sheet1!F:F, B18, Sheet1!E:E) -> 1 | AJ18: Doute sur la qualité | AS18: Sécurité
B19: Natation | C19: =SUMIF(Sheet1!F:F, B19, Sheet1!E:E) -> 1 | AJ19: Doute sur la qualité | AS19: Etat du matériel (pas trop usé)
B20: Parachutisme | C20: =SUMIF(Sheet1!F:F, B20, Sheet1!E:E) -> 1 | AJ20: Entretien et réglage des skis personnalisés
B21: Rugby | C21: =SUMIF(Sheet1!F:F, B21, Sheet1!E:E) -> 1 | AJ21: État du matériel
B22: Tennis de table | C22: =SUMIF(Sheet1!F:F, B22, Sheet1!E:E) -> 1 | AJ22: je gères un groupement
B23: UGSEL | C23: =SUMIF(Sheet1!F:F, B23, Sheet1!E:E) -> 1 | AJ23: Le gros matériel et infrastructures sont propres au cosec municipal et pour le reste comme ballons ou matériel pédagogique,..préférence sanitaire à de la qualité et au neuf dont on prendra soin au maximum
B24: Voile | C24: =SUMIF(Sheet1!F:F, B24, Sheet1!E:E) -> 1 | AJ24: Le type de matériel ne se prêtant pas à une réutilisation (matériel usé ou défectueux)
AJ25: Les filets et poteaux de volley doivent être en état correct . Si un filet est abimé on le jette .
AJ26: Les matériels déjà utilisés peuvent nuir a la bonne pratique de notre sport
AJ27: les tapis cause d'hygiène
AJ28: Mauvais état
AJ29: Normes de sécurité, hygiène
AJ30: On ne peut que utiliser du matériel neuf
AJ31: Par respect pour nos membres. Ils payent assez cher leur cotisation pour ne pas avoir à utiliser du matériel d'occas
AJ32: Pas adapté aux exigences des entrainements ou trop usé. | AS32: Autres
AJ33: pas de vestimentaires | AS33: Voilier et matériel de navigation
AJ34: Pas d'endroit ou stocker le matériel, nous utilisons des salles municipales | AS34: Ski alpin et ski de fond
AJ35: Pas forcement adopté | AS35: Enrouleur au sol et appareil électronique escrime
AJ36: Pourquoi le Faire ?
AJ37: principalement pour des raisons d'hygiène
AJ38: risques de cassures
AJ39: S'assurer de la fiabilité du matériel , un contrôle sécuritaire préalable serait obligatoire .
AJ40: Sécurité
AJ41: Sécurité
AJ42: Sécurité et normes
AJ43: Si différentes des couleurs du club
AJ44: Si le matériel n'était pas réglementaire,abîmé ou ne suivait pas des normes de sécurité pour nos adhérents.
AJ45: Trop abimé
AJ46: trop abîmé
AJ47: Trop usé, non performant pour la compétition
... AJ49: Usure du matériel . Elastiband détendus ou bracelet lestés salis .
BD57: Remarques :
BD58: Avez vous eu une réflexion sur le recyclage du synthétique ?
BD59: Bien évidemment suivant nos disponibilités
BD60: Bonjour, Nous sommes déjà en réflexion pour donner nos anciens maillots pour les donner dans des clubs dans le besoin (pays d'Afrique,...)
BD61: Dans le contexte particulier de l'escrime il faut tenir compte d'une part de la technicité (électronique, électricité, etc.) pour le gros appareillage, voire pour la réparation des armes individuelles, d'autre part des impératifs sécuritaires (normes FFE 350 Newtons / FIE 800 à 1600 Newtons pour les tenues et masques, et les armes (FIE lames maraging), etc. Au lancement de mon club, j'ai eu la chance d'acquérir du matériel d'occasion d'un autre club de Meurthe et Moselle : cela nous a permis de faire nos premiers pas, alors que nous partions de zéro en terme d'équipements... Pour créer de nouvelles structures ou antennes le recours à du matériel et équipement d'occasion peut être une bonne approche...
AJ62: Autre : | BD62: Donner aux petites associations du matériel non utilisé
AJ63: Tablette | BD63: faire un atelier de réparation de bateaux (-Carbonne ,fibre, PE) Echange de matériel .Trouver du matériel d'occasion adapté au différent public
AJ64: Matériel de football | BD64: il ne faudrait pas que cela coûte de l'argent aux clubs ou aux fédé pour le fonctionnement de ces structures.
AJ65: Matériel de gym | BD65: il y a un problème avec la question 12, on ne peut faire qu'un choix parmi les 3 et pas choisir OK pour acheter ou recevoir gratuitement, et problème aussi dans la suite proposée automatiquement si on choisit la case du milieu!
AJ66: Matériel de plongé sous-marine et vetement en néoprène | BD66: j'ai signalé ce que nous faisons
AJ67: Matériel éducatif | BD67: Je souhaiterai pouvoir recycler mon matériel que ce soit sous forme de réparation, don, recyclage , transformation ...
AJ68: Mini panier de basket | BD68: Je trouve la démarche très interessante mais malheureusement je n'ai pas le temps...
AJ69: Piste d'escrime, piste ou plaque | BD69: L'aéromodélisme n'est pas vraiment adapté à l'entrée dans le projet d'une recyclerie du sport.
AJ70: Matériel d'échauffement | BD70: Le tri sélectif des déchets reste au niveau de l'association un cauchemar à gérer et garantir. Une réelle éducation des consciences reste plus que jamais nécessaire.
AJ71: Petit équipement individuel: palmes, tuba, masque | BD71: Les principaux matériels avec des changements réguliers sont les ballons et là nous sommes liés à l'homologation. Souvent avant d'être trop usé, c'est un soucis de valve aussi s'il pouvait exister un atelier de réparation cela pourrait peut être aider. Pour le reste, il s'agit surtout des vêtements qui sont le plus souvent finalement laissés aux membres quant ils ne leur appartiennent pas déjà.
AJ72: Moteur thermique ou electrique, radiocommande, servo, électronique embarqué | BD72: Notre association n’est pas vraiment concernée par le recyclage de son matériel . Nos tapis qui ont 25 ans sont d’une grande qualité et pourront être utilisés encore 25 ans . Depuis la pandémie tout le matériel a été vendu à chaque adhérent . Chacun a son propre matériel . Donc à part des tapis nous ne stockons plus de matériel . Super initiative pour les grosses structures. Merci
BD73: Notre club étant situé en zone rurale, il est important de pouvoir disposer d'un lieu de recyclerie du sport à une distance raisonnable.
BD74: Nous sommes un petit club qui vient de naître et il y a plein de 3ans nous avons pas beaucoup de temps à consacrer car nous n'avons pas encore beaucoup de bénévoles .
BD75: on a tellement d'autres pb dans les petits clubs, nous sommes à des années lumières de vos "problématiques" Les petites communes n'ont pas les infrastructures et financement des villes, il serait temps de le voir, au risque de nous voir disparaitre
BD76: Pas beaucoup de temps à consacrer en dehors de la gestion du club.
BD77: Pour le moment, pas d'opposition ou d'hostilité, mais peu de choses transformables envisageables (pas de matériel "lourd "comme d'autres sports peu-être,) et déjà énormément de choses à gérer sportivement, financièrement, administrativement , sanitairement...
BD78: Prise en compte des spécificités de la discipline escrime (technicité, électronique, électricité, etc.) et de ses impératifs sécuritaires. Par ailleurs l'escrime au niveau départemental représente moins d'une dizaine de clubs et au niveau CID moins d'une trentaine.
BD79: Racheter du petit matériel pour la pratique jeunes afin de réaliser des économies
BD80: Réflexion à faire en comité
BD81: Si un site internet peut voir le jour , ce serait bien.
H82: Décrivez cette action : | P82: Décrivez cette action : | BD82: Tres bonne idee
H83: Comité départementale de voile | I83: recyclage avec la collaboration de déchetteries | P83: EPGV | Q83: Energym Scy-Chazelles | T83: Des actions en interne à l'association | U83: Revente aux adhérents | BD83: Très bonne initiative.
P84: Aeromodélisme | Q84: Aéromodélisme club ICARE | T84: Des actions en interne à l'association | U84: Réutilisation systématique de la chaine cinématique de nos aéronefs plus utilisés ou vente de ceux-ci sur le marché de l'occasion
P85: Football | Q85: As Grostenquin | T85: En lien avec un acteur externe | U85: Remise des anciens ballons à la SPA
P86: Basket | Q86: US SILVANGE-BASKET | T86: En lien avec un acteur externe | U86: Recyclage des ballons de basket
P87: Tennis de table | Q87: Le Tennis de Table de Maizières-Lès-Metz | T87: En lien avec le programme de la fédération | U87: Ramassage de revêtements de raquette de tennis de table pour offrir en Afrique
P88: Handisport | Q88: CLUB HANDISPORT LES LIONS | T88: En lien avec un acteur externe | U88: Nous lui redonnons le matériel de nos licenciés. Pas de materiel sportif cr nouveau club | AJ88: Autre :
P89: Football | Q89: Entente sportive Courcelles sur Nied | T89: Des actions en interne à l'association | U89: Le président du club est en lien avec une association humanitaire qui envoie du matériel au Sénégal afin de permettre a un public en grande précarité de pouvoir pratiquer le foot . | AJ89: Impliquer des services civiques en plus des PEF
P90: CK | Q90: NAUTIC CLUB BOUZONVILLE | T90: Des actions en interne à l'association | U90: jusqu'en 2019, le matériel était donné sur des actions humanitaires. | AJ90: Armurerie : Faire du neuf avec du vieux
P91: Basket | Q91: U.S. Basket Uckange | T91: En lien avec un acteur externe | U91: Ecoles Communales. | AJ91: Atelier d'art pour création avec des déchets
P92: CK | Q92: Canoé Kayak Val De Sarre | T92: Des actions en interne à l'association | U92: achat d outillages de réparation . Tous équipements (tenues et bateaux) trop petit sont passés à la nouvelle génération
H95: Non :
H96: Comité départemental de natation | I96: Pas de matériel à recycler
P104: Non :
P119: Pourquoi n'utiliseriez vous pas de matériel de 2nd main ?
P120: Absence d'animateur dédié à l'activité.
P121: Dangériosité, efficacité du matériel
P122: Doute sur la qualité
P123: Doute sur la qualité
P124: Entretien et réglage des skis personnalisés
P125: État du matériel
P126: je gères un groupement
P127: Le gros matériel et infrastructures sont propres au cosec municipal et pour le reste comme ballons ou matériel pédagogique,..préférence sanitaire à de la qualité et au neuf dont on prendra soin au maximum
P128: Le type de matériel ne se prêtant pas à une réutilisation (matériel usé ou défectueux)
P129: Les filets et poteaux de volley doivent être en état correct . Si un filet est abimé on le jette .
... P153: Usure du matériel . Elastiband détendus ou bracelet lestés salis .
